 Dungeon Crawl Stone Soup version 0.24.1-14-gf8d2b509d9 (webtiles) character file.

Game seed: 369145344414974164, levelgen mode: deterministic

704 fatnat the Firebug (level 7, -2/39 HPs)
             Began as a Gargoyle Fire Elementalist on June 27, 2023.
             Was an Initiate of Vehumet.
             Shot with an arrow by a centaur (16 damage)
             ... on level 5 of the Dungeon.
             The game lasted 00:12:58 (5510 turns).

fatnat the Firebug (Gargoyle Fire Elementalist)     Turns: 5510, Time: 00:12:59

Health: -2/39      AC:  6    Str: 11    XL:     7   Next: 67%
Magic:  10/12      EV: 16    Int: 18    God:    Vehumet [......]
Gold:   243        SH:  0    Dex: 10    Spells: 9/13 levels left

rFire    . . .     SeeInvis +   D - +10 trident of Itey {elec, *Slow rElec rC+ Stlth+}
rCold    + . .     Gourm    .   (no shield)
rNeg     + . .     Faith    .   a - +0 robe
rPois    ∞         Spirit   .   (no helmet)
rElec    +         Reflect  .   b - scarf {cloud immunity}
rCorr    .         Harm     .   (no gloves)
MR       .....                  (no boots)
Stlth    +++.......             (no amulet)
HPRegen  0.13/turn              F - ring of see invisible
MPRegen  0.13/turn              f - +3 ring of evasion

@: no status effects
A: negative energy resistance 1, electricity resistance, unbreathing,
petrification resistance, rot immunity, AC +4
a: Renounce Religion


You were on level 5 of the Dungeon.
You worshipped Vehumet.
Vehumet was noncommittal.
You were not hungry.

You visited 1 branch of the dungeon, and saw 5 of its levels.

You collected 243 gold pieces.

Inventory:

Hand Weapons
 e - a +0 club
 l - a +0 mace
 o - a +0 spear
 C - a +2 quarterstaff of protection
 D - the +10 trident of Itey (weapon) {elec, *Slow rElec rC+ Stlth+}
   (You found it on level 4 of the Dungeon)

   Occasionally, upon striking a foe, it will discharge some electrical energy
   and cause terrible harm.
   It protects you from cold.
   It insulates you from electricity.
   It may slow you when you take damage.
   It makes you more stealthy.
Missiles
 d - 57 stones
 i - 27 bolts
 s - 21 poisoned darts (quivered)
 y - 20 sling bullets
 z - 3 boomerangs
 I - 36 arrows
Armour
 a - a +0 robe (worn)
 b - a scarf of cloud immunity (worn)
Jewellery
 f - a +3 ring of evasion (right hand)
 F - a ring of see invisible (left hand)
 J - a cursed ring of attention {unknown}
Wands
 w - a wand of paralysis (5)
 L - a wand of acid (12)
Scrolls
 g - 2 scrolls of identify {unknown}
 h - 3 scrolls of remove curse {unknown}
 j - a scroll of immolation {unknown}
 m - 2 scrolls of magic mapping {unknown}
 n - 6 scrolls of teleportation {unknown}
 q - a scroll of fear {unknown}
 r - a scroll of enchant weapon {unknown}
 A - a scroll of amnesia {unknown}
 G - a scroll of noise {unknown}
Potions
 k - 3 potions of curing {unknown}
 p - a potion of ambrosia {unknown}
 t - a potion of invisibility {unknown}
 u - 2 potions of lignification {unknown}
 v - 2 potions of might {unknown}
 x - 2 potions of haste {unknown}
 B - a potion of cancellation {unknown}
 E - a potion of heal wounds {unknown}
 H - a potion of agility {unknown}
 M - a potion of flight {unknown}
Comestibles
 c - 11 rations
 K - 3 chunks of flesh


   Skills:
 + Level 1.9 Fighting
 * Level 3.3 Dodging
 + Level 4.1 Stealth
 * Level 3.8 Spellcasting
 * Level 4.1 Conjurations
 * Level 4.6 Fire Magic


You had 9 spell levels left.
You knew the following spells:

 Your Spells              Type           Power        Failure   Level  Hunger
a - Flame Tongue          Conj/Fire      ###..        2%          1    None
b - Conjure Flame         Conj/Fire      ###.....     8%          3    ###....

Your spell library contained the following spells:

 Spells                   Type           Power        Failure   Level  Hunger
 Throw Flame              Conj/Fire      ###...       3%          2    ##.....
 Inner Flame              Hex/Fire       ##......     17%         3    ###....
 Sticky Flame             Conj/Fire      ###.....     26%         4    ####...
 Fireball                 Conj/Fire      ###.......   56%         5    ######.


Dungeon Overview and Level Annotations

Branches:
Dungeon (5/15)             Temple (0/1) D:5

Altars:
Cheibriados
Nemelex Xobeh
Uskayaw
Vehumet
Zin

Shops:
D:4 %

Annotations:
D:5 Sigmund


Innate Abilities, Weirdness & Mutations

You are resistant to torment.
Your stone body is resilient. (AC +4)
You are immune to poison.
You resist negative energy. (rN+)
You are resistant to electric shocks. (rElec)
You can survive without breathing.
You are immune to petrification.
You are immune to rotting.


Message History

You are too injured to fight recklessly!
You are too injured to fight recklessly!
You are too injured to fight recklessly!
The centaur unwields a +0 shortbow.
The centaur hits you. Sigmund barely misses you.
The gnoll hits you but does no damage.
You completely miss the gnoll. The centaur misses you.
The gnoll closely misses you. The centaur misses you.
Sigmund completely misses you.
The centaur wields a +0 shortbow.
The centaur shoots an arrow.
The arrow hits you!
Things that are here:
5 arrows; a long sword An adder comes into view.
The centaur unwields a +0 shortbow.
The centaur hits you but does no damage.
Sigmund flickers, as though insubstantial.
Sigmund misses you. The gnoll hits you but does no damage.
The centaur wields a +0 shortbow.
The centaur shoots an arrow.
The arrow hits you!
You die...

#.. #... ...### ###... ##
#.....# ###....# .# .......
......# .# ...... .....###.#
....# ### ###.#.....####....#
..# ####........###......#g.
..####........##@##@..S..g@.g
..#....P.P.....##☼cg.###.....
.##..#..>.....####g.## ...
....##.P.P....# #....# #
....##........# #....#
#........#....# #...##
.....##.###...# ##.##
...####..###### .##
..........### #


You could see a centaur and 2 gnolls.

Vanquished Creatures
  Grinder (D:5)
  An ogre (D:4)
  A centaur (D:5)
  A jelly (D:5)
  4 hounds (D:4)
  Ijyb (D:3)
  A hound zombie (D:5)
  A hound skeleton (D:4)
  6 adders
  A shadow imp (D:5)
  An ooze (D:3)
  4 worms
  2 dart slugs (D:2)
  A leopard gecko (D:1)
  5 orcs
  A ball python (D:4)
  6 bats
  3 giant cockroaches
  7 goblins
  5 hobgoblins
  2 jackals (D:4)
  A quokka (D:3)
  6 frilled lizards
  2 kobolds (D:3)
  A quokka skeleton (D:4)
  9 rats
74 creatures vanquished.

Notes
Turn   | Place    | Note
-------+----------+-------------------------------------------
     0 | D:1      | fatnat the Gargoyle Fire Elementalist began the quest for
                  | the Orb.
     0 | D:1      | Reached XP level 1. HP: 10/10 MP: 3/3
   321 | D:1      | Reached XP level 2. HP: 15/15 MP: 5/5
  1119 | D:2      | Reached XP level 3. HP: 14/19 MP: 3/6
  1297 | D:2      | Found a snail-covered altar of Cheibriados.
  1746 | D:2      | Found a hide-covered altar of Uskayaw.
  2078 | D:2      | Reached XP level 4. HP: 24/24 MP: 7/7
  2188 | D:2      | Learned a level 3 spell: Conjure Flame
  2634 | D:3      | Found a sparkling altar of Nemelex Xobeh.
  2680 | D:3      | Noticed Ijyb
  2692 | D:3      | Killed Ijyb
  2846 | D:3      | Found a glowing silver altar of Zin.
  3267 | D:3      | Found a radiant altar of Vehumet.
  3297 | D:3      | Reached XP level 5. HP: 23/28 MP: 8/8
  3851 | D:4      | Got an encrusted trident
  3852 | D:4      | Identified the +10 trident of Itey {elec, *Slow rElec rC+
                  | Stlth+} (You found it on level 4 of the Dungeon)
  3946 | D:4      | Found Boirphe's Food Boutique.
  3952 | D:4      | Noticed an ogre
  3959 | D:4      | Killed an ogre
  3959 | D:4      | Reached XP level 6. HP: 19/33 MP: 5/10
  3979 | D:4      | Reached skill level 1 in Fighting
  4541 | D:5      | Entered Level 5 of the Dungeon
  4590 | D:5      | Noticed Grinder
  4598 | D:5      | Killed Grinder
  4598 | D:5      | Reached XP level 7. HP: 28/39 MP: 10/12
  5222 | D:3      | Became a worshipper of Vehumet
  5267 | D:5      | Found a staircase to the Ecumenical Temple.
  5496 | D:5      | Noticed Sigmund
  5510 | D:5      | Shot with an arrow by a centaur

Levels and vault maps discovered:
D:1:      lightli_arrival_quake, layout_basic
D:2:      layout_loops_corners, lemuel_round_altar, kennysheep_slug_shrine
D:3:      layout_rooms, nicolae_overflow_hidden_temple, zin_academy,
          nicolae_overflow_crystal_walls, corexii_leaking_fountain,
          minmay_fractal_squares_diagonal_5, uniq_ijyb
D:4:      layout_loops_ring, serial_shops, nicolae_shop_stone, minivault_4,
          chequers_jeans
D:5:      layout_cave_pools, minmay_temple_entry_trees, first_ration,
          chequers_serial_rivers_micro_a, uniq_grinder, uniq_sigmund,
          uniq_crazy_yiuf_cottage, uniq_pikel

Skill      XL: |  1  2  3  4  5  6  7 |
---------------+----------------------+-----
Dodging        | 2 3 |  3.3
Conjurations   | 2 3 4 |  4.1
Stealth        | 3 4 |  4.1
Spellcasting   | 3 |  3.8
Fire Magic     | 4 |  4.6
Fighting       | 1 |  1.9

Action                   |  1- 3 |  4- 6 |  7- 9 || total
-------------------------+-------+-------+-------++-------
Melee: Unarmed           |    12 |       |       ||    12
       Club              |    54 |       |       ||    54
       Mace              |    23 |    52 |       ||    75
       Trident           |       |    36 |    11 ||    47
       Quarterstaff      |       |    10 |       ||    10
Throw: Stone             |    29 |    10 |       ||    39
       Dart              |       |    37 |       ||    37
 Cast: Flame Tongue      |    20 |    39 |       ||    59
       Conjure Flame     |       |       |     1 ||     1
 Stab: Sleeping          |     4 |     4 |       ||     8
       Distracted        |       |       |     1 ||     1
  Eat: Chunk             |     3 |     9 |     3 ||    15
Armor: Robe              |    30 |    44 |     5 ||    79
Dodge: Dodged            |    81 |    98 |    15 ||   194
